[ AOE2 MATCH · #474633630 ]
Team RMKhmer vs Bohemians
[ REPLAY ANALYSIS · EXTRACTED FROM THE RECORDED GAME ]
Feudal
14:12
Castle
17:50
Imperial
44:07
| APM avg | 17.2 |
| APM peak | 47 |
| eAPM avg | 11.4 |
| Villagers / military | 119 / 95 |
Focus
⚔️ 29.5% · 🌾 70.5%
Knight ×50 · Scout Cavalry ×44 · Ballista Elephant ×1
Feudal
13:02
Castle
17:01
Imperial
32:09
| APM avg | 27.2 |
| APM peak | 79 |
| eAPM avg | 15.5 |
| Villagers / military | 124 / 405 |
Focus
⚔️ 40.9% · 🌾 59.1%
Jaguar Warrior ×190 · Skirmisher ×182 · Mangonel ×14 · Trade Cart ×10 · Monk ×8 · Trebuchet (Packed) ×6
Feudal
12:14
Castle
16:09
Imperial
33:49
| APM avg | 32.2 |
| APM peak | 79 |
| eAPM avg | 18.9 |
| Villagers / military | 190 / 290 |
Focus
⚔️ 24.0% · 🌾 76.0%
Spearman ×196 · Longbowman ×88 · Militia ×4 · Trebuchet (Packed) ×2
Feudal
11:10
Castle
15:40
Imperial
35:16
| APM avg | 18.7 |
| APM peak | 57 |
| eAPM avg | 10.7 |
| Villagers / military | 128 / 311 |
Focus
⚔️ 27.3% · 🌾 72.7%
Knight ×306 · Trebuchet (Packed) ×4 · Monk ×1
Feudal
11:08
Castle
17:33
Imperial
31:59
| APM avg | 28.7 |
| APM peak | 72 |
| eAPM avg | 18.8 |
| Villagers / military | 184 / 256 |
Focus
⚔️ 42.7% · 🌾 57.3%
Militia ×99 · Spearman ×61 · Scorpion ×57 · Centurion ×30 · Trebuchet (Packed) ×6 · Mangonel ×3
Feudal
12:07
Castle
17:11
Imperial
27:56
| APM avg | 37.2 |
| APM peak | 137 |
| eAPM avg | 15.2 |
| Villagers / military | 182 / 108 |
Focus
⚔️ 28.9% · 🌾 71.1%
Hand Cannoneer ×73 · Bombard Cannon ×11 · Monk ×9 · Hussite Wagon ×8 · Trebuchet (Packed) ×4 · Mangonel ×2
Feudal
13:13
Castle
22:54
Imperial
38:03
| APM avg | 25.3 |
| APM peak | 46 |
| eAPM avg | 16.9 |
| Villagers / military | 98 / 229 |
Focus
⚔️ 45.5% · 🌾 54.5%
Archer ×117 · Shotel Warrior ×80 · Skirmisher ×15 · Bombard Cannon ×14 · Trade Cart ×11 · Mangonel ×2
Feudal
15:42
Castle
25:49
Imperial
34:01
| APM avg | 24.8 |
| APM peak | 66 |
| eAPM avg | 13.9 |
| Villagers / military | 79 / 16 |
Focus
⚔️ 13.1% · 🌾 86.9%
Bombard Cannon ×16
Match map
Initial resources + every placement click. Lines = walls · curves = elevation contours. ◆ gold · ⬟ stone · ● berries · ✦ relic · ◌ wall gap
Your base· ✓ Closed at 17:50 · 14t walls · no gate
Bailador Sensual's base· ✓ Closed at 17:01 · 0t walls · 1 gate(s)
Twitch/Almighty_Wombato's base· ✓ Closed at 16:09 · 0t walls · no gate
roman.gringo's base· Open — unwalled flank
skilla's base· ✓ Closed at 17:33 · 0t walls · no gate
Wst2's base· ✓ Closed at 17:11 · 8t walls · no gate
sudor especia's base· ✓ Closed at 22:54 · 16t walls · 1 gate(s)
rusnexto's base· ✓ Closed at 25:49 · 30t walls · 1 gate(s)
Smoothed initial terrain · ◌ = detected wall gap · hover for details
Inputs per minute
— Black Kakarot - - Bailador Sensual
Build order — Black Kakarot
First 150 of 334 actions detected
| 0:01 | Create | Villager (Male) |
| 0:02 | Create | Villager (Male) |
| 0:02 | Create | Villager (Male) |
| 0:04 | Build | House |
| 0:06 | Build | House |
| 0:37 | Create | Villager (Male) |
| 1:06 | Build | Palisade Wall |
| 1:23 | Research | Loom |
| 2:21 | Create | Villager (Male) |
| 3:09 | Create | Villager (Male) |
| 3:43 | Build | House |
| 3:46 | Create | Villager (Male) |
| 3:46 | Create | Villager (Male) |
| 3:52 | Build | Lumber Camp |
| 3:56 | Build | Palisade Wall |
| 3:58 | Build | Palisade Wall |
| 4:22 | Create | Villager (Male) |
| 4:33 | Build | Palisade Wall |
| 4:55 | Create | Villager (Male) |
| 5:04 | Build | House |
| 5:27 | Create | Villager (Male) |
| 5:35 | Build | Palisade Wall |
| 6:14 | Create | Villager (Male) |
| 6:32 | Build | Palisade Wall |
| 6:34 | Build | Palisade Wall |
| 6:44 | Create | Villager (Male) |
| 7:22 | Create | Villager (Male) |
| 7:27 | Build | Mill |
| 7:41 | Create | Villager (Male) |
| 7:45 | Build | House |
| 7:48 | Build | House |
| 7:56 | Create | Villager (Male) |
| 8:37 | Create | Villager (Male) |
| 8:38 | Create | Villager (Male) |
| 8:38 | Create | Villager (Male) |
| 8:38 | Create | Villager (Male) |
| 8:38 | Create | Villager (Male) |
| 9:06 | Build | Mining Camp |
| 9:22 | Create | Villager (Male) |
| 9:22 | Create | Villager (Male) |
| 9:58 | Build | Mining Camp |
| 11:12 | Create | Villager (Male) |
| 11:13 | Create | Villager (Male) |
| 11:50 | Build | Mill |
| 11:54 | Research | Feudal Age |
| 14:05 | Create | Villager (Male) |
| 14:05 | Create | Villager (Male) |
| 14:12 | Age | Feudal Age |
| 14:37 | Create | Villager (Male) |
| 15:10 | Research | Castle Age |
| 15:34 | Build | Lumber Camp |
| 15:37 | Research | Double-Bit Axe |
| 15:38 | Research | Horse Collar |
| 16:45 | Build | Lumber Camp |
| 17:11 | Build | Lumber Camp |
| 17:25 | Create | Villager (Male) |
| 17:26 | Create | Villager (Male) |
| 17:26 | Create | Villager (Male) |
| 17:50 | Age | Castle Age |
| 17:57 | Build | Castle |
| 18:08 | Research | Bow Saw |
| 18:09 | Research | Heavy Plow |
| 18:24 | Build | Farm |
| 18:25 | Build | Farm |
| 18:26 | Build | Farm |
| 18:44 | Build | House |
| 18:48 | Build | House |
| 18:53 | Build | House |
| 18:56 | Build | House |
| 19:01 | Build | House |
| 19:06 | Research | Wheelbarrow |
| 19:06 | Research | Town Watch |
| 19:53 | Build | House |
| 20:55 | Build | Town Center |
| 20:58 | Create | Villager (Male) |
| 20:58 | Create | Villager (Male) |
| 21:04 | Build | Farm |
| 21:04 | Build | Farm |
| 21:04 | Build | Farm |
| 21:05 | Build | Farm |
| 21:05 | Build | Farm |
| 21:09 | Build | Farm |
| 21:29 | Build | Mining Camp |
| 21:42 | Build | Farm |
| 21:44 | Build | Farm |
| 21:46 | Build | Farm |
| 21:49 | Build | Farm |
| 21:50 | Build | Farm |
| 21:54 | Build | Farm |
| 21:56 | Create | Villager (Male) |
| 22:17 | Create | Villager (Male) |
| 22:17 | Create | Villager (Male) |
| 22:20 | Build | Farm |
| 22:21 | Build | Farm |
| 22:26 | Build | Farm |
| 22:27 | Create | Villager (Male) |
| 22:30 | Build | House |
| 22:34 | Build | House |
| 22:37 | Build | House |
| 22:41 | Create | Villager (Male) |
| 22:53 | Create | Villager (Male) |
| 23:08 | Create | Ballista Elephant |
| 23:16 | Build | Stable |
| 23:30 | Build | Blacksmith |
| 23:35 | Create | Villager (Male) |
| 23:35 | Create | Villager (Male) |
| 23:38 | Build | Farm |
| 23:44 | Build | Farm |
| 24:57 | Create | Villager (Male) |
| 24:58 | Create | Villager (Male) |
| 24:58 | Create | Villager (Male) |
| 24:58 | Create | Villager (Male) |
| 24:58 | Create | Villager (Male) |
| 24:58 | Create | Villager (Male) |
| 24:58 | Create | Villager (Male) |
| 24:59 | Create | Villager (Male) |
| 24:59 | Create | Villager (Male) |
| 25:03 | Research | Light Cavalry (upgrade) |
| 25:06 | Build | Stable |
| 25:11 | Build | Stable |
| 25:17 | Create | Scout Cavalry |
| 25:17 | Create | Scout Cavalry |
| 25:26 | Create | Villager (Male) |
| 25:27 | Create | Villager (Male) |
| 25:33 | Build | Stable |
| 25:54 | Research | Bloodlines |
| 25:56 | Create | Villager (Male) |
| 26:08 | Research | Stone Mining |
| 26:12 | Research | Gold Mining |
| 26:17 | Build | Farm |
| 26:21 | Create | Villager (Male) |
| 26:47 | Research | Husbandry |
| 27:07 | Build | Castle |
| 27:21 | Create | Scout Cavalry |
| 27:21 | Create | Scout Cavalry |
| 27:39 | Create | Knight |
| 27:39 | Create | Knight |
| 27:39 | Create | Knight |
| 27:49 | Create | Villager (Male) |
| 27:50 | Create | Villager (Male) |
| 28:08 | Create | Scout Cavalry |
| 28:08 | Create | Scout Cavalry |
| 28:18 | Create | Knight |
| 28:18 | Create | Knight |
| 28:23 | Create | Villager (Male) |
| 28:23 | Create | Villager (Male) |
| 28:27 | Build | Farm |
| 28:29 | Create | Villager (Male) |
| 28:29 | Create | Villager (Male) |
| 28:39 | Create | Villager (Male) |
Build order — Bailador Sensual
First 150 of 434 actions detected
| 0:02 | Create | Villager (Male) |
| 0:03 | Create | Villager (Male) |
| 0:04 | Build | House |
| 0:06 | Build | House |
| 0:14 | Create | Villager (Male) |
| 0:15 | Create | Villager (Male) |
| 1:20 | Create | Villager (Male) |
| 2:09 | Create | Villager (Male) |
| 2:09 | Create | Villager (Male) |
| 2:09 | Create | Villager (Male) |
| 2:58 | Create | Villager (Male) |
| 2:58 | Create | Villager (Male) |
| 2:58 | Create | Villager (Male) |
| 3:42 | Create | Villager (Male) |
| 3:42 | Create | Villager (Male) |
| 3:43 | Create | Villager (Male) |
| 4:39 | Build | Lumber Camp |
| 4:40 | Create | Villager (Male) |
| 4:40 | Create | Villager (Male) |
| 4:45 | Build | House |
| 4:49 | Build | House |
| 5:05 | Create | Villager (Male) |
| 5:06 | Create | Villager (Male) |
| 5:06 | Create | Villager (Male) |
| 5:40 | Create | Villager (Male) |
| 5:40 | Create | Villager (Male) |
| 6:05 | Build | Mill |
| 6:21 | Create | Villager (Male) |
| 6:21 | Create | Villager (Male) |
| 7:25 | Create | Villager (Male) |
| 7:42 | Create | Villager (Male) |
| 7:42 | Create | Villager (Male) |
| 7:46 | Build | House |
| 7:47 | Build | House |
| 8:16 | Create | Villager (Male) |
| 8:16 | Create | Villager (Male) |
| 8:16 | Create | Villager (Male) |
| 8:19 | Build | House |
| 8:57 | Create | Villager (Male) |
| 8:57 | Create | Villager (Male) |
| 10:23 | Research | Loom |
| 10:48 | Research | Feudal Age |
| 11:43 | Build | Palisade Gate |
| 11:57 | Build | Palisade Gate |
| 12:28 | Create | Villager (Male) |
| 12:28 | Create | Villager (Male) |
| 12:28 | Create | Villager (Male) |
| 13:02 | Age | Feudal Age |
| 13:07 | Build | Mining Camp |
| 13:21 | Build | Market |
| 13:30 | Build | Blacksmith |
| 14:21 | Research | Castle Age |
| 14:30 | Research | Horse Collar |
| 14:32 | Research | Double-Bit Axe |
| 14:33 | Research | Double-Bit Axe |
| 14:42 | Build | Lumber Camp |
| 14:59 | Build | Mining Camp |
| 15:03 | Build | Farm |
| 15:07 | Build | Farm |
| 15:09 | Build | Farm |
| 15:11 | Build | Farm |
| 15:50 | Build | Farm |
| 15:52 | Build | Farm |
| 16:17 | Create | Villager (Male) |
| 16:17 | Create | Villager (Male) |
| 16:17 | Create | Villager (Male) |
| 17:01 | Age | Castle Age |
| 17:10 | Build | Monastery |
| 17:14 | Build | Monastery |
| 17:27 | Build | Town Center |
| 17:40 | Build | Town Center |
| 17:56 | Create | Villager (Male) |
| 17:56 | Create | Villager (Male) |
| 17:59 | Create | Monk |
| 18:01 | Create | Monk |
| 18:34 | Build | Siege Workshop |
| 18:36 | Create | Villager (Male) |
| 18:37 | Create | Villager (Male) |
| 18:48 | Create | Villager (Male) |
| 18:48 | Create | Villager (Male) |
| 19:10 | Create | Villager (Male) |
| 19:10 | Create | Villager (Male) |
| 19:36 | Build | House |
| 19:37 | Build | House |
| 19:40 | Create | Villager (Male) |
| 19:40 | Create | Villager (Male) |
| 19:59 | Create | Mangonel |
| 20:02 | Build | Farm |
| 20:06 | Build | House |
| 20:07 | Build | House |
| 20:14 | Create | Villager (Male) |
| 21:09 | Create | Mangonel |
| 21:10 | Create | Villager (Male) |
| 21:10 | Create | Villager (Male) |
| 21:11 | Create | Villager (Male) |
| 21:11 | Create | Villager (Male) |
| 21:45 | Create | Villager (Male) |
| 21:45 | Create | Villager (Male) |
| 21:45 | Create | Villager (Male) |
| 21:46 | Create | Villager (Male) |
| 21:46 | Create | Villager (Male) |
| 22:09 | Research | Fervor |
| 22:12 | Create | Monk |
| 22:12 | Create | Villager (Male) |
| 22:13 | Create | Villager (Male) |
| 22:13 | Create | Villager (Male) |
| 22:13 | Create | Villager (Male) |
| 22:13 | Create | Villager (Male) |
| 22:48 | Create | Villager (Male) |
| 22:49 | Create | Villager (Male) |
| 22:49 | Create | Villager (Male) |
| 22:55 | Build | Mining Camp |
| 22:57 | Build | Farm |
| 23:00 | Build | Farm |
| 23:11 | Build | Farm |
| 23:14 | Build | Farm |
| 23:15 | Build | Farm |
| 23:17 | Build | Farm |
| 23:19 | Build | Farm |
| 23:40 | Create | Villager (Male) |
| 23:41 | Create | Villager (Male) |
| 24:02 | Create | Villager (Male) |
| 24:02 | Create | Villager (Male) |
| 24:02 | Create | Villager (Male) |
| 24:20 | Build | House |
| 24:21 | Build | House |
| 24:30 | Build | Barracks |
| 24:38 | Build | Farm |
| 24:39 | Create | Villager (Male) |
| 24:39 | Create | Villager (Male) |
| 24:39 | Create | Villager (Male) |
| 24:39 | Create | Villager (Male) |
| 24:40 | Create | Villager (Male) |
| 25:24 | Build | Farm |
| 25:25 | Create | Villager (Male) |
| 25:25 | Create | Villager (Male) |
| 25:26 | Create | Villager (Male) |
| 25:27 | Create | Villager (Male) |
| 25:27 | Create | Villager (Male) |
| 25:27 | Create | Villager (Male) |
| 25:36 | Build | Mill |
| 25:37 | Build | Farm |
| 25:37 | Build | Farm |
| 25:37 | Build | Farm |
| 25:38 | Build | Farm |
| 25:38 | Build | Farm |
| 25:38 | Build | Farm |
| 25:38 | Build | Farm |
| 25:39 | Build | Farm |
| 25:42 | Build | Farm |
Build order — Twitch/Almighty_Wombato
First 150 of 402 actions detected
| 0:02 | Build | House |
| 0:03 | Build | House |
| 0:04 | Create | Villager (Male) |
| 0:04 | Create | Villager (Male) |
| 0:04 | Create | Villager (Male) |
| 0:05 | Create | Villager (Male) |
| 0:05 | Create | Villager (Male) |
| 1:31 | Create | Villager (Male) |
| 1:32 | Create | Villager (Male) |
| 2:04 | Create | Villager (Male) |
| 2:04 | Create | Villager (Male) |
| 2:04 | Create | Villager (Male) |
| 2:20 | Build | Lumber Camp |
| 2:37 | Create | Villager (Male) |
| 2:37 | Create | Villager (Male) |
| 3:06 | Create | Villager (Male) |
| 3:06 | Create | Villager (Male) |
| 3:15 | Build | House |
| 3:29 | Create | Villager (Male) |
| 3:29 | Create | Villager (Male) |
| 3:30 | Create | Villager (Male) |
| 4:12 | Create | Villager (Male) |
| 4:12 | Create | Villager (Male) |
| 4:35 | Create | Villager (Male) |
| 4:35 | Create | Villager (Male) |
| 4:47 | Build | Mill |
| 5:39 | Create | Villager (Male) |
| 5:39 | Create | Villager (Male) |
| 5:53 | Build | House |
| 6:16 | Create | Villager (Male) |
| 6:16 | Create | Villager (Male) |
| 6:16 | Create | Villager (Male) |
| 6:17 | Create | Villager (Male) |
| 7:29 | Create | Villager (Male) |
| 7:29 | Create | Villager (Male) |
| 7:29 | Create | Villager (Male) |
| 7:34 | Build | House |
| 8:08 | Create | Villager (Male) |
| 8:13 | Create | Villager (Male) |
| 8:33 | Build | Mining Camp |
| 8:52 | Build | Mill |
| 9:10 | Research | Feudal Age |
| 9:10 | Research | Loom |
| 9:15 | Create | Villager (Male) |
| 9:15 | Create | Villager (Male) |
| 9:24 | Research | Loom |
| 9:57 | Build | Mining Camp |
| 11:36 | Build | Farm |
| 11:37 | Build | Farm |
| 11:37 | Build | Farm |
| 11:43 | Build | Farm |
| 11:44 | Build | Farm |
| 11:44 | Build | Farm |
| 11:44 | Build | Farm |
| 11:44 | Build | Farm |
| 12:14 | Age | Feudal Age |
| 12:20 | Build | Market |
| 12:32 | Build | Blacksmith |
| 13:27 | Research | Castle Age |
| 13:50 | Create | Villager (Male) |
| 13:58 | Research | Double-Bit Axe |
| 14:19 | Research | Horse Collar |
| 14:19 | Research | Horse Collar |
| 14:53 | Build | Farm |
| 14:54 | Build | Farm |
| 14:55 | Build | Farm |
| 15:50 | Create | Villager (Male) |
| 15:50 | Create | Villager (Male) |
| 15:50 | Create | Villager (Male) |
| 16:09 | Age | Castle Age |
| 16:12 | Research | Fletching |
| 16:30 | Build | House |
| 16:35 | Build | Lumber Camp |
| 17:33 | Build | Lumber Camp |
| 17:42 | Create | Villager (Male) |
| 17:43 | Create | Villager (Male) |
| 17:43 | Create | Villager (Male) |
| 17:50 | Build | House |
| 17:56 | Build | Town Center |
| 18:14 | Build | Castle |
| 18:19 | Research | Bodkin Arrow |
| 19:14 | Create | Villager (Male) |
| 19:14 | Create | Villager (Male) |
| 19:14 | Create | Villager (Male) |
| 19:15 | Create | Villager (Male) |
| 19:52 | Build | Farm |
| 20:13 | Build | Town Center |
| 20:21 | Create | Villager (Male) |
| 20:28 | Create | Villager (Male) |
| 20:29 | Create | Villager (Male) |
| 20:29 | Create | Villager (Male) |
| 20:29 | Create | Villager (Male) |
| 20:36 | Build | Farm |
| 20:36 | Build | Farm |
| 20:36 | Build | Farm |
| 20:37 | Build | Farm |
| 21:24 | Build | Lumber Camp |
| 21:26 | Create | Longbowman ×5 |
| 21:26 | Create | Longbowman ×5 |
| 21:39 | Create | Villager (Male) |
| 21:40 | Create | Villager (Male) |
| 21:40 | Create | Villager (Male) |
| 21:59 | Create | Longbowman |
| 21:59 | Create | Longbowman |
| 22:28 | Build | Farm |
| 22:31 | Create | Villager (Male) |
| 22:32 | Create | Villager (Male) |
| 22:32 | Create | Villager (Male) |
| 22:32 | Create | Villager (Male) |
| 22:32 | Create | Villager (Male) |
| 22:33 | Create | Villager (Male) |
| 23:17 | Create | Longbowman |
| 23:18 | Create | Longbowman |
| 23:28 | Build | University |
| 23:41 | Create | Villager (Male) |
| 23:42 | Create | Villager (Male) |
| 23:42 | Create | Villager (Male) |
| 23:42 | Create | Villager (Male) |
| 23:42 | Create | Villager (Male) |
| 23:43 | Create | Villager (Male) |
| 23:43 | Create | Villager (Male) |
| 24:55 | Build | House |
| 24:56 | Build | House |
| 24:56 | Build | House |
| 24:57 | Build | House |
| 25:00 | Create | Villager (Male) |
| 25:01 | Create | Villager (Male) |
| 25:01 | Create | Villager (Male) |
| 25:01 | Create | Villager (Male) |
| 25:01 | Create | Villager (Male) |
| 25:02 | Create | Villager (Male) |
| 25:02 | Create | Villager (Male) |
| 25:04 | Create | Longbowman |
| 25:05 | Create | Longbowman |
| 25:05 | Create | Longbowman |
| 25:05 | Create | Longbowman |
| 25:05 | Create | Longbowman |
| 25:06 | Create | Longbowman |
| 25:06 | Create | Longbowman |
| 25:06 | Create | Longbowman |
| 25:40 | Research | Ballistics |
| 25:40 | Research | Ballistics |
| 25:47 | Build | Farm |
| 25:51 | Build | Farm |
| 25:54 | Build | Farm |
| 25:54 | Build | Farm |
| 25:55 | Build | Farm |
| 25:55 | Build | Farm |
| 25:55 | Build | Farm |
| 26:00 | Create | Villager (Male) |
Build order — roman.gringo
First 150 of 357 actions detected
| 0:01 | Create | Villager (Male) |
| 0:01 | Create | Villager (Male) |
| 0:02 | Create | Villager (Male) |
| 0:02 | Create | Villager (Male) |
| 0:02 | Create | Villager (Male) |
| 0:04 | Build | House |
| 0:06 | Build | House |
| 1:28 | Create | Villager (Male) |
| 2:20 | Create | Villager (Male) |
| 2:20 | Create | Villager (Male) |
| 2:24 | Build | Lumber Camp |
| 2:55 | Create | Villager (Male) |
| 2:55 | Create | Villager (Male) |
| 3:05 | Build | House |
| 3:12 | Create | Villager (Male) |
| 3:52 | Create | Villager (Male) |
| 3:53 | Create | Villager (Male) |
| 4:43 | Create | Villager (Male) |
| 4:44 | Create | Villager (Male) |
| 4:58 | Build | Mill |
| 5:14 | Create | Villager (Male) |
| 5:15 | Create | Villager (Male) |
| 5:30 | Create | Villager (Male) |
| 5:30 | Create | Villager (Male) |
| 5:38 | Build | House |
| 5:52 | Create | Villager (Male) |
| 6:56 | Build | Mill |
| 7:02 | Create | Villager (Male) |
| 7:09 | Create | Villager (Male) |
| 7:11 | Create | Villager (Male) |
| 8:07 | Create | Villager (Male) |
| 8:40 | Build | Mining Camp |
| 8:56 | Research | Feudal Age |
| 9:30 | Create | Villager (Male) |
| 9:30 | Create | Villager (Male) |
| 10:01 | Build | Farm |
| 10:42 | Build | Farm |
| 10:51 | Build | Farm |
| 10:56 | Build | House |
| 11:10 | Age | Feudal Age |
| 11:20 | Build | Market |
| 11:43 | Create | Villager (Male) |
| 11:52 | Build | Blacksmith |
| 12:11 | Create | Villager (Male) |
| 12:43 | Research | Castle Age |
| 12:43 | Research | Castle Age |
| 13:11 | Research | Double-Bit Axe |
| 13:23 | Research | Wheelbarrow |
| 13:36 | Build | Lumber Camp |
| 15:06 | Build | Farm |
| 15:40 | Age | Castle Age |
| 15:44 | Build | Town Center |
| 15:55 | Build | Town Center |
| 16:13 | Build | Town Center |
| 16:20 | Research | Bow Saw |
| 16:38 | Build | Monastery |
| 16:43 | Build | House |
| 16:44 | Build | House |
| 16:56 | Create | Villager (Male) |
| 16:56 | Create | Villager (Male) |
| 17:18 | Create | Villager (Male) |
| 17:18 | Create | Villager (Male) |
| 17:32 | Build | Farm |
| 17:32 | Build | Farm |
| 17:32 | Build | Farm |
| 17:34 | Build | Farm |
| 17:56 | Create | Villager (Male) |
| 18:04 | Create | Monk |
| 18:18 | Build | Farm |
| 18:18 | Build | Farm |
| 18:18 | Build | Farm |
| 18:18 | Build | Farm |
| 18:19 | Build | Farm |
| 18:19 | Build | Farm |
| 18:40 | Build | Farm |
| 18:44 | Build | Farm |
| 18:45 | Create | Villager (Male) |
| 18:46 | Create | Villager (Male) |
| 18:55 | Build | Farm |
| 19:00 | Build | Farm |
| 19:04 | Build | Farm |
| 19:08 | Build | Farm |
| 19:20 | Create | Villager (Male) |
| 19:20 | Create | Villager (Male) |
| 19:21 | Create | Villager (Male) |
| 19:28 | Build | Farm |
| 19:33 | Build | Farm |
| 19:34 | Create | Villager (Male) |
| 19:35 | Create | Villager (Male) |
| 19:37 | Create | Villager (Male) |
| 19:37 | Create | Villager (Male) |
| 19:47 | Build | Farm |
| 19:52 | Build | Farm |
| 19:55 | Build | Farm |
| 19:58 | Build | Farm |
| 20:00 | Create | Villager (Male) |
| 20:00 | Create | Villager (Male) |
| 20:16 | Create | Villager (Male) |
| 20:16 | Create | Villager (Male) |
| 20:17 | Create | Villager (Male) |
| 20:23 | Build | Farm |
| 20:25 | Create | Villager (Male) |
| 20:25 | Create | Villager (Male) |
| 20:26 | Create | Villager (Male) |
| 20:35 | Create | Villager (Male) |
| 20:35 | Create | Villager (Male) |
| 20:43 | Build | Farm |
| 20:44 | Create | Villager (Male) |
| 20:45 | Create | Villager (Male) |
| 20:51 | Create | Villager (Male) |
| 20:52 | Create | Villager (Male) |
| 21:01 | Create | Villager (Male) |
| 21:01 | Create | Villager (Male) |
| 21:02 | Create | Villager (Male) |
| 21:12 | Build | Barracks |
| 21:14 | Build | House |
| 21:15 | Build | House |
| 21:17 | Create | Villager (Male) |
| 21:17 | Create | Villager (Male) |
| 21:27 | Create | Villager (Male) |
| 21:27 | Create | Villager (Male) |
| 21:27 | Create | Villager (Male) |
| 21:37 | Create | Villager (Male) |
| 21:37 | Create | Villager (Male) |
| 21:42 | Build | House |
| 21:47 | Create | Villager (Male) |
| 21:48 | Create | Villager (Male) |
| 21:53 | Build | Farm |
| 21:58 | Build | Farm |
| 21:59 | Create | Villager (Male) |
| 22:00 | Create | Villager (Male) |
| 22:11 | Build | House |
| 22:13 | Build | House |
| 22:13 | Build | House |
| 22:15 | Create | Villager (Male) |
| 22:16 | Create | Villager (Male) |
| 22:22 | Build | Farm |
| 22:26 | Build | Farm |
| 22:33 | Build | Farm |
| 22:35 | Build | Farm |
| 22:40 | Build | Farm |
| 22:45 | Create | Villager (Male) |
| 22:45 | Create | Villager (Male) |
| 22:51 | Create | Villager (Male) |
| 22:59 | Build | Stable |
| 23:20 | Research | Gold Mining |
| 23:35 | Build | Stable |
| 23:46 | Create | Villager (Male) |
| 23:46 | Create | Villager (Male) |
| 23:47 | Create | Villager (Male) |
Build order — skilla
First 150 of 606 actions detected
| 0:03 | Create | Villager (Male) |
| 0:03 | Create | Villager (Male) |
| 0:03 | Create | Villager (Male) |
| 0:07 | Build | House |
| 0:09 | Build | House |
| 1:03 | Create | Villager (Male) |
| 1:03 | Create | Villager (Male) |
| 1:43 | Create | Villager (Male) |
| 1:43 | Create | Villager (Male) |
| 1:43 | Create | Villager (Male) |
| 1:43 | Create | Villager (Male) |
| 1:43 | Create | Villager (Male) |
| 1:56 | Build | Lumber Camp |
| 2:30 | Create | Villager (Male) |
| 2:30 | Create | Villager (Male) |
| 2:30 | Create | Villager (Male) |
| 2:30 | Create | Villager (Male) |
| 2:42 | Create | Villager (Male) |
| 2:42 | Create | Villager (Male) |
| 2:42 | Create | Villager (Male) |
| 2:42 | Create | Villager (Male) |
| 2:42 | Create | Villager (Male) |
| 3:44 | Create | Villager (Male) |
| 3:44 | Create | Villager (Male) |
| 3:44 | Create | Villager (Male) |
| 4:29 | Create | Villager (Male) |
| 4:29 | Create | Villager (Male) |
| 4:29 | Create | Villager (Male) |
| 4:29 | Create | Villager (Male) |
| 4:39 | Build | House |
| 4:40 | Build | House |
| 5:21 | Create | Villager (Male) |
| 5:31 | Build | Mill |
| 5:49 | Create | Villager (Male) |
| 5:49 | Create | Villager (Male) |
| 5:49 | Create | Villager (Male) |
| 5:49 | Create | Villager (Male) |
| 6:01 | Create | Villager (Male) |
| 6:02 | Create | Villager (Male) |
| 6:02 | Create | Villager (Male) |
| 6:02 | Create | Villager (Male) |
| 6:53 | Create | Villager (Male) |
| 6:53 | Create | Villager (Male) |
| 6:53 | Create | Villager (Male) |
| 6:53 | Create | Villager (Male) |
| 7:23 | Create | Villager (Male) |
| 7:23 | Create | Villager (Male) |
| 8:21 | Build | Mining Camp |
| 8:57 | Research | Feudal Age |
| 10:47 | Create | Villager (Male) |
| 10:50 | Create | Villager (Male) |
| 10:52 | Research | Loom |
| 11:08 | Age | Feudal Age |
| 11:16 | Build | Market |
| 11:26 | Build | Blacksmith |
| 11:39 | Build | House |
| 11:43 | Build | House |
| 12:27 | Build | Mill |
| 12:34 | Create | Villager (Male) |
| 12:36 | Create | Villager (Male) |
| 13:19 | Create | Villager (Male) |
| 14:21 | Create | Villager (Male) |
| 14:53 | Research | Castle Age |
| 15:58 | Research | Double-Bit Axe |
| 16:01 | Research | Horse Collar |
| 16:27 | Build | Farm |
| 16:28 | Build | Farm |
| 16:29 | Build | Farm |
| 16:31 | Build | Farm |
| 16:35 | Create | Villager (Male) |
| 16:53 | Create | Villager (Male) |
| 17:33 | Age | Castle Age |
| 17:41 | Build | Town Center |
| 17:46 | Build | Town Center |
| 17:52 | Create | Villager (Male) |
| 18:11 | Research | Heavy Plow |
| 18:18 | Research | Bow Saw |
| 18:35 | Create | Villager (Male) |
| 18:38 | Research | Town Watch |
| 18:57 | Create | Villager (Male) |
| 19:01 | Build | Farm |
| 19:12 | Build | House |
| 19:13 | Build | House |
| 19:15 | Build | House |
| 19:18 | Build | House |
| 19:21 | Build | Farm |
| 19:25 | Create | Villager (Male) |
| 19:25 | Create | Villager (Male) |
| 19:32 | Create | Villager (Male) |
| 19:49 | Build | Barracks |
| 19:52 | Create | Villager (Male) |
| 19:58 | Build | Farm |
| 19:59 | Build | Farm |
| 20:05 | Build | Farm |
| 20:11 | Build | Farm |
| 20:13 | Create | Villager (Male) |
| 20:21 | Build | Farm |
| 20:29 | Build | House |
| 20:30 | Build | House |
| 20:42 | Build | Farm |
| 20:44 | Create | Villager (Male) |
| 20:44 | Create | Villager (Male) |
| 20:44 | Create | Villager (Male) |
| 20:44 | Create | Villager (Male) |
| 20:44 | Create | Villager (Male) |
| 20:49 | Build | Farm |
| 20:51 | Create | Villager (Male) |
| 20:51 | Create | Villager (Male) |
| 20:51 | Create | Villager (Male) |
| 21:00 | Build | Farm |
| 21:07 | Create | Villager (Male) |
| 21:07 | Create | Villager (Male) |
| 21:29 | Create | Villager (Male) |
| 21:34 | Create | Villager (Male) |
| 21:34 | Create | Villager (Male) |
| 21:40 | Build | Farm |
| 21:46 | Build | Farm |
| 21:48 | Build | Farm |
| 21:50 | Create | Villager (Male) |
| 21:50 | Create | Villager (Male) |
| 22:00 | Create | Villager (Male) |
| 22:00 | Create | Villager (Male) |
| 22:09 | Build | Town Center |
| 22:11 | Create | Villager (Male) |
| 22:11 | Create | Villager (Male) |
| 22:25 | Create | Villager (Male) |
| 22:25 | Create | Villager (Male) |
| 22:40 | Create | Villager (Male) |
| 22:40 | Create | Villager (Male) |
| 22:49 | Build | Farm |
| 22:53 | Build | Farm |
| 22:55 | Build | Farm |
| 22:58 | Create | Villager (Male) |
| 23:06 | Build | Farm |
| 23:08 | Create | Villager (Male) |
| 23:08 | Create | Villager (Male) |
| 23:20 | Build | Siege Workshop |
| 23:25 | Create | Villager (Male) |
| 23:25 | Create | Villager (Male) |
| 23:36 | Build | Farm |
| 24:04 | Create | Villager (Male) |
| 24:11 | Build | Lumber Camp |
| 24:14 | Create | Villager (Male) |
| 24:14 | Create | Villager (Male) |
| 24:28 | Build | Mining Camp |
| 24:29 | Create | Villager (Male) |
| 24:29 | Create | Villager (Male) |
| 24:29 | Create | Villager (Male) |
| 24:35 | Create | Villager (Male) |
| 24:41 | Research | Gold Mining |
Build order — Wst2
First 150 of 372 actions detected
| 0:02 | Create | Villager (Male) |
| 0:02 | Create | Villager (Male) |
| 0:03 | Build | House |
| 0:05 | Build | House |
| 0:39 | Create | Villager (Male) |
| 0:40 | Create | Villager (Male) |
| 1:55 | Create | Villager (Male) |
| 1:55 | Create | Villager (Male) |
| 2:02 | Research | Loom |
| 2:24 | Create | Villager (Male) |
| 2:24 | Create | Villager (Male) |
| 3:06 | Create | Villager (Male) |
| 3:08 | Create | Villager (Male) |
| 3:08 | Create | Villager (Male) |
| 3:19 | Create | Villager (Male) |
| 3:19 | Create | Villager (Male) |
| 3:36 | Build | Lumber Camp |
| 3:55 | Create | Villager (Male) |
| 4:19 | Create | Villager (Male) |
| 4:40 | Create | Villager (Male) |
| 4:50 | Create | Villager (Male) |
| 5:00 | Build | House |
| 5:06 | Build | House |
| 5:29 | Create | Villager (Male) |
| 5:57 | Create | Villager (Male) |
| 6:01 | Create | Villager (Male) |
| 6:16 | Build | Mill |
| 6:21 | Create | Villager (Male) |
| 6:28 | Create | Villager (Male) |
| 6:44 | Create | Villager (Male) |
| 7:05 | Create | Villager (Male) |
| 7:36 | Build | House |
| 7:39 | Build | Mill |
| 7:48 | Create | Villager (Male) |
| 7:54 | Create | Villager (Male) |
| 8:16 | Build | Farm |
| 8:17 | Build | Farm |
| 8:57 | Create | Villager (Male) |
| 9:46 | Create | Villager (Male) |
| 9:50 | Build | Farm |
| 9:51 | Build | Farm |
| 9:57 | Research | Feudal Age |
| 10:23 | Build | House |
| 10:46 | Build | House |
| 11:24 | Build | Mining Camp |
| 11:25 | Create | Villager (Male) |
| 12:06 | Build | Palisade Wall |
| 12:07 | Age | Feudal Age |
| 12:23 | Create | Villager (Male) |
| 12:39 | Create | Villager (Male) |
| 12:45 | Research | Double-Bit Axe |
| 13:01 | Build | Blacksmith |
| 13:08 | Build | Market |
| 13:29 | Build | House |
| 13:35 | Create | Villager (Male) |
| 13:44 | Create | Villager (Male) |
| 14:31 | Research | Castle Age |
| 15:47 | Build | Farm |
| 15:47 | Build | Farm |
| 15:47 | Build | Farm |
| 15:51 | Build | Farm |
| 16:17 | Build | House |
| 16:27 | Build | House |
| 17:09 | Create | Villager (Male) |
| 17:09 | Create | Villager (Male) |
| 17:11 | Age | Castle Age |
| 17:17 | Build | Monastery |
| 17:31 | Build | Siege Workshop |
| 17:47 | Create | Villager (Male) |
| 17:56 | Research | Wheelbarrow |
| 18:02 | Create | Monk |
| 18:10 | Build | Barracks |
| 18:13 | Build | Farm |
| 18:16 | Create | Mangonel |
| 18:29 | Build | Farm |
| 18:36 | Create | Battering Ram |
| 18:38 | Create | Mangonel |
| 18:50 | Create | Villager (Male) |
| 18:50 | Create | Villager (Male) |
| 19:24 | Create | Villager (Male) |
| 20:18 | Build | Stone Wall |
| 20:30 | Create | Villager (Male) |
| 20:45 | Build | Stone Wall |
| 20:46 | Create | Villager (Male) |
| 21:31 | Build | Gate |
| 21:33 | Create | Villager (Male) |
| 21:33 | Create | Villager (Male) |
| 21:41 | Create | Villager (Male) |
| 21:46 | Build | Farm |
| 21:46 | Build | Farm |
| 21:50 | Build | Farm |
| 21:51 | Research | Horse Collar |
| 21:57 | Build | Farm |
| 21:57 | Build | Farm |
| 21:58 | Build | Farm |
| 21:58 | Build | Farm |
| 21:58 | Build | Farm |
| 21:59 | Build | Farm |
| 22:00 | Create | Villager (Male) |
| 22:05 | Build | Farm |
| 22:06 | Create | Villager (Male) |
| 22:13 | Build | Farm |
| 22:48 | Build | Farm |
| 22:54 | Build | Farm |
| 22:59 | Build | Farm |
| 23:00 | Build | Farm |
| 23:02 | Create | Villager (Male) |
| 23:14 | Build | Farm |
| 23:18 | Create | Monk |
| 23:27 | Create | Villager (Male) |
| 23:46 | Build | House |
| 24:03 | Build | Farm |
| 24:14 | Build | Stone Wall |
| 24:27 | Build | Stone Wall |
| 24:46 | Research | Imperial Age |
| 25:27 | Build | House |
| 25:29 | Build | House |
| 25:32 | Create | Monk |
| 25:32 | Create | Monk |
| 25:41 | Build | Archery Range |
| 25:45 | Create | Villager (Male) |
| 25:45 | Create | Villager (Male) |
| 26:20 | Build | Gate |
| 26:39 | Build | Archery Range |
| 26:42 | Build | Archery Range |
| 27:31 | Build | Mining Camp |
| 27:56 | Age | Imperial Age |
| 28:06 | Build | University |
| 28:16 | Build | Mining Camp |
| 28:20 | Build | Farm |
| 28:51 | Create | Villager (Male) |
| 28:54 | Research | Chemistry |
| 29:25 | Create | Villager (Male) |
| 29:26 | Create | Villager (Male) |
| 29:26 | Create | Villager (Male) |
| 29:40 | Create | Villager (Male) |
| 30:01 | Create | Villager (Male) |
| 30:24 | Create | Villager (Male) |
| 31:09 | Build | Castle |
| 31:13 | Create | Bombard Cannon |
| 31:18 | Create | Villager (Male) |
| 31:44 | Build | Town Center |
| 31:58 | Create | Bombard Cannon |
| 32:01 | Create | Villager (Male) |
| 32:13 | Create | Villager (Male) |
| 32:13 | Create | Villager (Male) |
| 32:56 | Create | Bombard Cannon |
| 33:05 | Build | Mill |
| 33:06 | Build | Farm |
| 33:06 | Build | Farm |
Build order — sudor especia
First 150 of 510 actions detected
| 0:01 | Create | Villager (Male) |
| 0:01 | Create | Villager (Male) |
| 0:01 | Create | Villager (Male) |
| 0:02 | Create | Villager (Male) |
| 0:02 | Create | Villager (Male) |
| 0:03 | Build | House |
| 0:05 | Build | House |
| 0:49 | Build | Palisade Wall |
| 0:53 | Research | Loom |
| 1:40 | Create | Villager (Male) |
| 1:56 | Build | Palisade Gate |
| 2:28 | Create | Villager (Male) |
| 2:52 | Create | Villager (Male) |
| 3:54 | Build | House |
| 4:04 | Create | Villager (Male) |
| 4:29 | Create | Villager (Male) |
| 4:44 | Build | Palisade Wall |
| 4:45 | Build | Palisade Wall |
| 5:01 | Create | Villager (Male) |
| 5:31 | Create | Villager (Male) |
| 5:48 | Build | Lumber Camp |
| 6:18 | Create | Villager (Male) |
| 6:53 | Create | Villager (Male) |
| 7:13 | Create | Villager (Male) |
| 7:34 | Create | Villager (Male) |
| 7:47 | Build | House |
| 8:07 | Create | Villager (Male) |
| 8:24 | Create | Villager (Male) |
| 8:34 | Create | Villager (Male) |
| 9:03 | Build | Mill |
| 9:06 | Create | Villager (Male) |
| 9:41 | Create | Villager (Male) |
| 9:41 | Create | Villager (Male) |
| 10:17 | Create | Villager (Male) |
| 10:29 | Build | Barracks |
| 10:33 | Create | Villager (Male) |
| 10:43 | Build | Lumber Camp |
| 11:02 | Research | Feudal Age |
| 11:21 | Build | Mining Camp |
| 12:37 | Create | Villager (Male) |
| 12:38 | Create | Villager (Male) |
| 13:13 | Age | Feudal Age |
| 13:14 | Build | Archery Range |
| 13:18 | Research | Double-Bit Axe |
| 13:43 | Create | Villager (Male) |
| 13:58 | Build | Archery Range |
| 14:01 | Create | Archer |
| 14:08 | Build | House |
| 14:08 | Build | House |
| 14:27 | Create | Villager (Male) |
| 14:27 | Create | Villager (Male) |
| 14:28 | Create | Archer |
| 14:29 | Create | Archer |
| 14:43 | Create | Archer |
| 14:43 | Create | Archer |
| 15:12 | Build | Blacksmith |
| 15:17 | Create | Villager (Male) |
| 15:30 | Create | Archer |
| 15:30 | Create | Archer |
| 15:49 | Create | Villager (Male) |
| 15:51 | Research | Horse Collar |
| 16:06 | Build | House |
| 16:07 | Build | House |
| 16:10 | Build | House |
| 16:27 | Create | Archer |
| 16:30 | Create | Archer |
| 16:30 | Create | Archer |
| 16:42 | Research | Fletching |
| 17:00 | Build | Farm |
| 17:01 | Build | Farm |
| 17:03 | Create | Villager (Male) |
| 17:19 | Create | Villager (Male) |
| 17:21 | Build | Farm |
| 17:29 | Create | Archer |
| 17:29 | Create | Archer |
| 18:10 | Create | Archer |
| 18:10 | Create | Archer |
| 18:12 | Create | Villager (Male) |
| 18:14 | Build | Farm |
| 18:15 | Build | Farm |
| 18:17 | Build | Farm |
| 18:18 | Build | Farm |
| 18:23 | Create | Villager (Male) |
| 18:29 | Build | Farm |
| 18:31 | Build | Farm |
| 19:33 | Create | Villager (Male) |
| 19:38 | Build | Farm |
| 19:40 | Build | Farm |
| 20:14 | Research | Castle Age |
| 20:14 | Research | Castle Age |
| 20:21 | Create | Archer |
| 20:21 | Create | Archer |
| 21:43 | Create | Archer |
| 21:43 | Create | Archer |
| 21:43 | Create | Archer |
| 21:43 | Create | Archer |
| 21:49 | Research | Gold Mining |
| 22:22 | Create | Archer |
| 22:22 | Create | Archer |
| 22:23 | Create | Archer |
| 22:23 | Create | Archer |
| 22:41 | Create | Archer |
| 22:41 | Create | Archer |
| 22:54 | Age | Castle Age |
| 22:56 | Research | Crossbowman (upgrade) |
| 22:59 | Build | Siege Workshop |
| 23:02 | Build | Siege Workshop |
| 23:03 | Create | Villager (Male) |
| 23:04 | Create | Villager (Male) |
| 23:05 | Research | Wheelbarrow |
| 23:09 | Build | Town Center |
| 23:23 | Research | Thumb Ring |
| 23:32 | Build | Farm |
| 23:33 | Build | Farm |
| 23:34 | Build | Farm |
| 23:40 | Build | Farm |
| 23:41 | Create | Villager (Male) |
| 23:59 | Build | Mining Camp |
| 24:02 | Build | Mining Camp |
| 24:05 | Create | Villager (Male) |
| 24:21 | Create | Archer |
| 24:21 | Create | Archer |
| 24:34 | Build | House |
| 24:35 | Build | House |
| 24:35 | Build | House |
| 24:35 | Build | House |
| 24:36 | Build | House |
| 25:04 | Create | Villager (Male) |
| 25:04 | Create | Villager (Male) |
| 25:05 | Create | Villager (Male) |
| 25:09 | Build | University |
| 25:31 | Create | Villager (Male) |
| 26:03 | Create | Villager (Male) |
| 26:14 | Research | Stone Mining |
| 26:15 | Create | Villager (Male) |
| 26:17 | Create | Villager (Male) |
| 26:17 | Create | Villager (Male) |
| 26:49 | Build | Town Center |
| 26:50 | Create | Villager (Male) |
| 27:12 | Create | Villager (Male) |
| 27:13 | Create | Villager (Male) |
| 27:15 | Create | Archer |
| 27:15 | Create | Archer |
| 27:16 | Create | Archer |
| 27:30 | Research | Bodkin Arrow |
| 27:33 | Create | Archer |
| 27:33 | Create | Archer |
| 27:34 | Create | Archer |
| 27:34 | Create | Archer |
| 28:11 | Build | Stone Wall |
Build order — rusnexto
First 150 of 258 actions detected
| 0:03 | Research | Loom |
| 0:03 | Create | Villager (Male) |
| 0:04 | Create | Villager (Male) |
| 0:04 | Create | Villager (Male) |
| 0:04 | Create | Villager (Male) |
| 0:21 | Build | Palisade Wall |
| 0:27 | Build | House |
| 0:28 | Build | House |
| 1:55 | Build | House |
| 3:09 | Build | Palisade Wall |
| 3:59 | Create | Villager (Male) |
| 4:00 | Create | Villager (Male) |
| 5:30 | Create | Villager (Male) |
| 5:30 | Create | Villager (Male) |
| 6:17 | Create | Villager (Male) |
| 6:18 | Create | Villager (Male) |
| 6:27 | Create | Villager (Male) |
| 7:19 | Create | Villager (Male) |
| 7:25 | Create | Villager (Male) |
| 7:32 | Create | Villager (Male) |
| 8:17 | Create | Villager (Male) |
| 9:01 | Create | Villager (Male) |
| 9:15 | Create | Villager (Male) |
| 9:28 | Create | Villager (Male) |
| 9:54 | Create | Villager (Male) |
| 9:54 | Create | Villager (Male) |
| 10:27 | Build | House |
| 10:56 | Build | House |
| 10:58 | Build | House |
| 11:04 | Create | Villager (Male) |
| 11:45 | Build | Lumber Camp |
| 12:18 | Create | Villager (Male) |
| 12:58 | Build | Mill |
| 12:59 | Create | Villager (Male) |
| 13:32 | Research | Feudal Age |
| 13:49 | Build | House |
| 13:51 | Build | House |
| 14:04 | Build | House |
| 14:09 | Build | House |
| 15:09 | Create | Villager (Male) |
| 15:10 | Create | Villager (Male) |
| 15:19 | Create | Villager (Male) |
| 15:42 | Age | Feudal Age |
| 15:51 | Build | Stone Wall |
| 16:14 | Build | Farm |
| 16:15 | Build | Farm |
| 16:16 | Build | Farm |
| 16:18 | Build | Farm |
| 16:19 | Build | Farm |
| 16:21 | Build | Farm |
| 16:22 | Build | Farm |
| 16:23 | Create | Villager (Male) |
| 16:23 | Create | Villager (Male) |
| 16:43 | Create | Villager (Male) |
| 17:04 | Build | Market |
| 17:17 | Create | Villager (Male) |
| 17:43 | Create | Villager (Male) |
| 18:23 | Build | Watch Tower |
| 18:33 | Create | Villager (Male) |
| 18:54 | Build | Mining Camp |
| 19:07 | Build | House |
| 19:08 | Build | House |
| 19:11 | Build | House |
| 19:30 | Build | House |
| 19:32 | Build | House |
| 19:55 | Build | Stone Wall |
| 21:08 | Create | Villager (Male) |
| 21:32 | Build | Blacksmith |
| 22:43 | Build | House |
| 23:09 | Research | Castle Age |
| 23:58 | Build | Gate |
| 25:13 | Build | Mining Camp |
| 25:49 | Age | Castle Age |
| 26:04 | Create | Villager (Male) |
| 26:05 | Create | Villager (Male) |
| 26:05 | Create | Villager (Male) |
| 26:07 | Create | Villager (Male) |
| 26:21 | Build | Siege Workshop |
| 26:46 | Build | University |
| 26:48 | Create | Villager (Male) |
| 26:48 | Create | Villager (Male) |
| 26:50 | Build | Farm |
| 26:55 | Create | Villager (Male) |
| 26:55 | Create | Villager (Male) |
| 27:25 | Build | Farm |
| 27:26 | Build | Farm |
| 27:27 | Build | Farm |
| 27:29 | Create | Villager (Male) |
| 28:07 | Create | Villager (Male) |
| 28:32 | Build | Farm |
| 28:33 | Build | Farm |
| 28:34 | Build | Farm |
| 28:35 | Create | Villager (Male) |
| 28:36 | Create | Villager (Male) |
| 29:32 | Build | Farm |
| 29:48 | Build | Farm |
| 30:16 | Build | University |
| 30:21 | Build | Farm |
| 30:26 | Research | Double-Bit Axe |
| 30:51 | Research | Imperial Age |
| 31:50 | Create | Villager (Male) |
| 31:51 | Create | Villager (Male) |
| 31:51 | Create | Villager (Male) |
| 31:56 | Research | Bow Saw |
| 32:01 | Research | Horse Collar |
| 34:01 | Age | Imperial Age |
| 34:03 | Research | Chemistry |
| 34:16 | Create | Villager (Male) |
| 34:17 | Create | Villager (Male) |
| 34:50 | Build | Barracks |
| 35:15 | Build | Town Center |
| 35:21 | Create | Bombard Cannon |
| 35:22 | Create | Bombard Cannon |
| 35:23 | Create | Bombard Cannon |
| 35:53 | Research | Wheelbarrow |
| 36:28 | Create | Villager (Male) |
| 36:29 | Create | Villager (Male) |
| 36:29 | Create | Villager (Male) |
| 36:29 | Create | Villager (Male) |
| 36:29 | Create | Villager (Male) |
| 36:43 | Build | Farm |
| 37:11 | Build | Siege Workshop |
| 37:53 | Create | Bombard Cannon |
| 38:26 | Create | Bombard Cannon |
| 38:26 | Create | Bombard Cannon |
| 38:26 | Create | Bombard Cannon |
| 38:59 | Create | Villager (Male) |
| 39:00 | Create | Villager (Male) |
| 39:00 | Create | Villager (Male) |
| 39:47 | Create | Bombard Cannon |
| 40:18 | Build | Stone Wall |
| 40:23 | Research | Fortified Wall (upgrade) |
| 41:08 | Create | Bombard Cannon |
| 41:58 | Create | Bombard Cannon |
| 41:58 | Create | Bombard Cannon |
| 42:05 | Build | Stone Wall |
| 42:08 | Build | Stone Wall |
| 42:24 | Create | Bombard Cannon |
| 43:03 | Research | Ballistics |
| 43:26 | Create | Bombard Cannon |
| 43:48 | Build | Stone Wall |
| 43:48 | Build | Stone Wall |
| 43:49 | Build | Stone Wall |
| 43:49 | Build | Stone Wall |
| 43:49 | Build | Stone Wall |
| 43:50 | Build | Stone Wall |
| 43:50 | Build | Stone Wall |
| 43:50 | Build | Stone Wall |
| 45:54 | Create | Bombard Cannon |
| 45:54 | Create | Bombard Cannon |
Match timeline
| 0:21 | rusnexto · wall_segment Palisade Wall x16 |
| 0:49 | sudor especia · wall_segment Palisade Wall x14 |
| 1:06 | Black Kakarot · wall_segment Palisade Wall x7 |
| 3:09 | rusnexto · wall_segment Palisade Wall x1 |
| 3:56 | Black Kakarot · wall_segment Palisade Wall x1 |
| 3:58 | Black Kakarot · wall_segment Palisade Wall x1 |
| 4:33 | Black Kakarot · wall_segment Palisade Wall x4 |
| 4:44 | sudor especia · wall_segment Palisade Wall x1 |
| 4:45 | sudor especia · wall_segment Palisade Wall x1 |
| 5:35 | Black Kakarot · wall_segment Palisade Wall x1 |
| 6:32 | Black Kakarot · wall_segment Palisade Wall x1 |
| 6:34 | Black Kakarot · wall_segment Palisade Wall x1 |
| 10:29 | sudor especia · first_building Barracks |
| 11:08 | skilla · age_up feudal |
| 11:10 | roman.gringo · age_up feudal |
| 12:06 | Wst2 · wall_segment Palisade Wall x8 |
| 12:07 | Wst2 · age_up feudal |
| 12:14 | Twitch/Almighty_Wombato · age_up feudal |
| 13:02 | Bailador Sensual · age_up feudal |
| 13:13 | sudor especia · age_up feudal |
| 13:14 | sudor especia · first_building Archery Range |
| 14:12 | Black Kakarot · age_up feudal |
| 14:19 | Bailador Sensual · first_market_sell 100 wood |
| 15:40 | roman.gringo · age_up castle |
| 15:42 | rusnexto · age_up feudal |
| 15:51 | rusnexto · wall_segment Stone Wall x13 |
| 16:04 | roman.gringo · first_market_buy 100 stone |
| 16:09 | Twitch/Almighty_Wombato · age_up castle |
| 16:38 | roman.gringo · first_building Monastery |
| 17:01 | Bailador Sensual · age_up castle |
| 17:10 | Bailador Sensual · first_building Monastery |
| 17:11 | Wst2 · age_up castle |
| 17:17 | Wst2 · first_building Monastery |
| 17:31 | Wst2 · first_building Siege Workshop |
| 17:33 | skilla · age_up castle |
| 17:50 | Black Kakarot · age_up castle |
| 17:57 | Black Kakarot · first_building Castle |
| 18:10 | Wst2 · first_building Barracks |
| 18:14 | Twitch/Almighty_Wombato · first_building Castle |
| 18:34 | Bailador Sensual · first_building Siege Workshop |
| 19:49 | skilla · first_building Barracks |
| 19:55 | rusnexto · wall_segment Stone Wall x1 |
| 20:18 | Wst2 · wall_segment Stone Wall x5 |
| 20:45 | Wst2 · wall_segment Stone Wall x6 |
| 21:12 | roman.gringo · first_building Barracks |
| 22:54 | sudor especia · age_up castle |
| 22:59 | sudor especia · first_building Siege Workshop |
| 22:59 | roman.gringo · first_building Stable |
| 23:16 | Black Kakarot · first_building Stable |
| 23:20 | skilla · first_building Siege Workshop |
| 23:37 | Twitch/Almighty_Wombato · first_market_buy 100 wood |
| 23:51 | rusnexto · first_market_buy 100 stone |
| 24:14 | Wst2 · wall_segment Stone Wall x1 |
| 24:27 | Wst2 · wall_segment Stone Wall x1 |
| 24:30 | Bailador Sensual · first_building Barracks |
| 25:41 | Wst2 · first_building Archery Range |
| 25:49 | rusnexto · age_up castle |
| 26:21 | rusnexto · first_building Siege Workshop |
| 26:44 | skilla · first_building Castle |
| 26:47 | Bailador Sensual · first_building Archery Range |
| 27:56 | Wst2 · age_up imperial |
| 27:59 | Wst2 · first_market_sell 100 food |
| 28:00 | Wst2 · first_market_buy 100 wood |
| 28:11 | sudor especia · wall_segment Stone Wall x7 |
| 28:20 | sudor especia · wall_segment Stone Wall x9 |
| 29:21 | Bailador Sensual · tribute_sent a jugador 1 |
| 29:21 | Bailador Sensual · tribute_sent a jugador 3 |
| 29:21 | Bailador Sensual · tribute_sent a jugador 4 |
| 29:21 | Bailador Sensual · tribute_sent a jugador 5 |
| 29:21 | Bailador Sensual · tribute_sent a jugador 6 |
| 29:21 | Bailador Sensual · tribute_sent a jugador 7 |
| 29:21 | Bailador Sensual · tribute_sent a jugador 8 |
| 29:47 | sudor especia · wall_segment Stone Wall x6 |
| 29:56 | sudor especia · wall_segment Stone Wall x4 |
| 30:45 | Bailador Sensual · first_building Castle |
| 31:09 | Wst2 · first_building Castle |
| 31:38 | roman.gringo · tribute_sent a jugador 1 |
| 31:38 | roman.gringo · tribute_sent a jugador 2 |
| 31:38 | roman.gringo · tribute_sent a jugador 3 |
| 31:38 | roman.gringo · tribute_sent a jugador 5 |
| 31:38 | roman.gringo · tribute_sent a jugador 6 |
| 31:38 | roman.gringo · tribute_sent a jugador 7 |
| 31:38 | roman.gringo · tribute_sent a jugador 8 |
| 31:59 | skilla · age_up imperial |
| 32:09 | Bailador Sensual · age_up imperial |
| 32:22 | Twitch/Almighty_Wombato · first_building Barracks |
| 33:34 | skilla · wall_segment Palisade Wall x1 |
| 33:49 | Twitch/Almighty_Wombato · age_up imperial |
| 34:01 | rusnexto · age_up imperial |
| 34:27 | sudor especia · first_building Monastery |
| 34:50 | rusnexto · first_building Barracks |
| 35:16 | roman.gringo · age_up imperial |
| 35:54 | roman.gringo · first_building Castle |
| 37:08 | skilla · first_market_sell 100 food |
| 38:03 | sudor especia · age_up imperial |
| 39:00 | sudor especia · first_building Castle |
| 40:18 | rusnexto · wall_segment Stone Wall x2 |
| 42:05 | rusnexto · wall_segment Stone Wall x1 |
| 42:08 | rusnexto · wall_segment Stone Wall x4 |
| 42:36 | sudor especia · wall_segment Stone Wall x1 |
| 42:37 | sudor especia · wall_segment Stone Wall x1 |
| 43:48 | rusnexto · wall_segment Stone Wall x1 |
| 43:48 | rusnexto · wall_segment Stone Wall x1 |
| 43:49 | rusnexto · wall_segment Stone Wall x1 |
| 43:49 | rusnexto · wall_segment Stone Wall x1 |
| 43:49 | rusnexto · wall_segment Stone Wall x1 |
| 43:50 | rusnexto · wall_segment Stone Wall x1 |
| 43:50 | rusnexto · wall_segment Stone Wall x2 |
| 43:50 | rusnexto · wall_segment Stone Wall x2 |
| 44:07 | Black Kakarot · age_up imperial |
| 45:04 | Twitch/Almighty_Wombato · wall_segment Stone Wall x4 |
| 45:07 | Twitch/Almighty_Wombato · wall_segment Stone Wall x3 |
| 45:10 | rusnexto · tribute_sent a jugador 1 |
| 45:10 | rusnexto · tribute_sent a jugador 2 |
| 45:10 | rusnexto · tribute_sent a jugador 3 |
| 45:10 | rusnexto · tribute_sent a jugador 4 |
| 45:10 | rusnexto · tribute_sent a jugador 5 |
| 45:10 | rusnexto · tribute_sent a jugador 6 |
| 45:10 | rusnexto · tribute_sent a jugador 7 |
| 45:23 | Black Kakarot · wall_segment Stone Wall x13 |
| 45:48 | rusnexto · first_market_sell 100 wood |
| 48:12 | skilla · wall_segment Palisade Wall x1 |
| 48:42 | Twitch/Almighty_Wombato · wall_segment Stone Wall x1 |
| 48:44 | Twitch/Almighty_Wombato · wall_segment Stone Wall x1 |
| 49:20 | Wst2 · wall_segment Stone Wall x2 |
| 49:22 | Wst2 · wall_segment Stone Wall x9 |
| 50:02 | Black Kakarot · wall_segment Palisade Wall x1 |
| 50:08 | Black Kakarot · wall_segment Palisade Wall x1 |
| 50:12 | Wst2 · tribute_sent a jugador 1 |
| 50:12 | Wst2 · tribute_sent a jugador 2 |
| 50:12 | Wst2 · tribute_sent a jugador 3 |
| 50:12 | Wst2 · tribute_sent a jugador 4 |
| 50:12 | Wst2 · tribute_sent a jugador 5 |
| 50:12 | Wst2 · tribute_sent a jugador 7 |
| 50:12 | Wst2 · tribute_sent a jugador 8 |
| 50:39 | roman.gringo · wall_segment Stone Wall x1 |
| 50:41 | roman.gringo · wall_segment Stone Wall x1 |
| 50:45 | Twitch/Almighty_Wombato · wall_segment Stone Wall x10 |
| 51:01 | Wst2 · wall_segment Stone Wall x6 |
| 51:02 | Wst2 · wall_segment Stone Wall x10 |
| 51:46 | sudor especia · tribute_sent a jugador 1 |
| 51:46 | sudor especia · tribute_sent a jugador 2 |
| 51:46 | sudor especia · tribute_sent a jugador 3 |
| 51:46 | sudor especia · tribute_sent a jugador 4 |
| 51:46 | sudor especia · tribute_sent a jugador 5 |
| 51:46 | sudor especia · tribute_sent a jugador 6 |
| 51:46 | sudor especia · tribute_sent a jugador 8 |
| 51:59 | roman.gringo · tribute_sent a jugador 1 |
| 51:59 | roman.gringo · tribute_sent a jugador 2 |
| 51:59 | roman.gringo · tribute_sent a jugador 3 |
| 51:59 | roman.gringo · tribute_sent a jugador 5 |
| 51:59 | roman.gringo · tribute_sent a jugador 6 |
| 51:59 | roman.gringo · tribute_sent a jugador 7 |
| 51:59 | roman.gringo · tribute_sent a jugador 8 |
| 52:19 | Bailador Sensual · wall_segment Stone Wall x1 |
| 52:20 | Bailador Sensual · wall_segment Stone Wall x1 |
| 52:21 | Bailador Sensual · wall_segment Stone Wall x1 |
| 52:22 | Wst2 · wall_segment Stone Wall x8 |
| 52:44 | sudor especia · first_market_sell 100 food |
| 52:50 | Black Kakarot · wall_segment Stone Wall x10 |
| 53:35 | skilla · wall_segment Stone Wall x7 |
| 53:37 | sudor especia · wall_segment Stone Wall x1 |
| 53:38 | sudor especia · wall_segment Stone Wall x1 |
| 53:45 | Wst2 · wall_segment Stone Wall x8 |
| 53:52 | Wst2 · wall_segment Stone Wall x10 |
| 53:53 | Wst2 · wall_segment Stone Wall x12 |
| 54:00 | Black Kakarot · wall_segment Stone Wall x2 |
| 54:46 | Black Kakarot · first_market_buy 100 stone |
| 54:56 | Twitch/Almighty_Wombato · tribute_sent a jugador 1 |
| 54:56 | Twitch/Almighty_Wombato · tribute_sent a jugador 2 |
| 54:56 | Twitch/Almighty_Wombato · tribute_sent a jugador 4 |
| 54:56 | Twitch/Almighty_Wombato · tribute_sent a jugador 5 |
| 54:56 | Twitch/Almighty_Wombato · tribute_sent a jugador 6 |
| 54:56 | Twitch/Almighty_Wombato · tribute_sent a jugador 7 |
| 54:56 | Twitch/Almighty_Wombato · tribute_sent a jugador 8 |
| 55:28 | Wst2 · tribute_sent a jugador 1 |
| 55:28 | Wst2 · tribute_sent a jugador 2 |
| 55:28 | Wst2 · tribute_sent a jugador 3 |
| 55:28 | Wst2 · tribute_sent a jugador 4 |
| 55:28 | Wst2 · tribute_sent a jugador 5 |
| 55:28 | Wst2 · tribute_sent a jugador 7 |
| 55:28 | Wst2 · tribute_sent a jugador 8 |
| 55:30 | roman.gringo · tribute_sent a jugador 1 |
| 55:30 | roman.gringo · tribute_sent a jugador 2 |
| 55:30 | roman.gringo · tribute_sent a jugador 3 |
| 55:30 | roman.gringo · tribute_sent a jugador 5 |
| 55:30 | roman.gringo · tribute_sent a jugador 6 |
| 55:30 | roman.gringo · tribute_sent a jugador 7 |
| 55:30 | roman.gringo · tribute_sent a jugador 8 |
| 55:38 | Black Kakarot · wall_segment Stone Wall x9 |
| 56:40 | sudor especia · resign |
| 56:40 | rusnexto · first_building Monastery |
[ AI ANALYSIS · 1 CREDIT ]
What really happened in this match?
Wolo.gg analyzes every decision: build order, eco, micro, common mistakes by bracket. Personalized analysis on WhatsApp or Discord in 30 seconds.
Civ guide
Khmer
Map guide
Black Forest
Perfil
Jugador #17458284